 Dungeon Crawl Stone Soup version 0.31.0-11-ge490571c62 (webtiles) character file.

Game seed: 14343274460661172708

181372 Ashen the Covert (level 17, -1/135 HPs)
             Began as a Gnoll Enchanter on Feb 3, 2024.
             Was a Follower of Uskayaw.
             Hit by a silver javelin thrown by a merfolk javelineer (3 damage)
             ... on level 4 of the Shoals.
             The game lasted 03:07:47 (42923 turns).

Ashen the Covert (Gnoll Enchanter)                 Turns: 42923, Time: 03:07:58

Health: -1/135     AC: 15    Str:  8    XL:     17   Next: 94%
Magic:  19/43      EV: 21    Int: 17    God:    Uskayaw [*.....]
Gold:   1154       SH: 14    Dex: 24    Spells: 6/42 levels left

rFire   . . .        v - +2 rapier (elec)
rCold   . . .        T - +0 kite shield {reflect}
rNeg    + . .        a - +2 troll leather armour
rPois   .            F - +2 helmet {SInv}
rElec   .            s - +0 cloak
rCorr   .            o - +0 pair of gloves
SInv    +            z - +1 pair of boots "Soasin" {rN+ Will++ MP+9}
Will    ++++.        H - amulet of regeneration
Stlth   ++++++       l - +6 ring of dexterity
HPRegen 2.02/turn    U - ring of willpower
MPRegen 0.28/turn

%: reflection
@: very slightly contaminated
A: fangs 1, strong nose, distributed training
}: 1/15 runes: barnacled
a: Renounce Religion, Stomp


You were on level 4 of the Shoals.
You worshipped Uskayaw.
Uskayaw was pleased with you.
You visited 5 branches of the dungeon, and saw 27 of its levels.

You collected 3442 gold pieces.
You spent 2288 gold pieces at shops.

Inventory:

Hand Weapons
 b - a +3 great sword
 t - a +4 dagger
 v - a +2 rapier of electrocution (weapon)
Missiles
 q - 4 throwing nets (quivered)
 x - 3 atropa-tipped darts
Armour
 a - a +2 troll leather armour (worn)
 o - a +0 pair of gloves (worn)
 s - a +0 cloak (worn)
 z - the +1 pair of boots "Soasin" (worn) {rN+ Will++ MP+9}
   (You acquired it on level 14 of the Dungeon)

   rN+:       It protects you from negative energy.
   Will++:    It greatly increases your willpower.
   MP+9:      It affects your magic capacity (+9).
 F - a +2 helmet of see invisible (worn)
 T - a +0 kite shield of reflection (worn)
Jewellery
 l - a +6 ring of dexterity (left hand)
 n - a ring of poison resistance
 H - an amulet of regeneration (around neck)
 U - a ring of willpower (right hand)
Wands
 k - a wand of quicksilver (3)
 w - a wand of flame (8)
 y - a wand of polymorph (7)
 A - a wand of iceblast (27)
 E - a wand of charming (17)
 V - a wand of digging (1)
 W - a wand of mindburst (8)
Scrolls
 g - 14 scrolls of teleportation
 h - 2 scrolls of poison
 i - 4 scrolls of revelation
 j - 2 scrolls of noise
 r - 3 scrolls of brand weapon
 u - 7 scrolls of enchant weapon
 D - 4 scrolls of immolation
 G - 3 scrolls of amnesia
 I - 3 scrolls of fog
 J - 4 scrolls of fear
 M - 4 scrolls of summoning
 O - 2 scrolls of silence
 R - 4 scrolls of vulnerability
 S - 3 scrolls of blinking
 Z - a scroll of torment
Potions
 c - a potion of mutation
 d - a potion of berserk rage
 e - 5 potions of lignification
 f - 3 potions of resistance
 m - 3 potions of haste
 p - 11 potions of curing
 B - 4 potions of brilliance
 C - 2 potions of cancellation
 K - 7 potions of ambrosia
 L - 3 potions of attraction
 P - 2 potions of heal wounds
 Q - 4 potions of magic
 X - 5 potions of invisibility
 Y - 2 potions of might
Miscellaneous
 N - a phial of floods


   Skills:
 + Level 12.4 Fighting
 + Level 12.7 Short Blades
 + Level 12.4 Long Blades
 + Level 12.4 Axes
 + Level 12.4 Maces & Flails
 + Level 12.4 Polearms
 + Level 12.4 Staves
 + Level 12.4 Ranged Weapons
 + Level 12.4 Throwing
 + Level 12.4 Armour
 + Level 13.2 Dodging
 + Level 13.7 Stealth
 + Level 12.4 Shields
 + Level 12.4 Unarmed Combat
 + Level 13.3 Spellcasting
 + Level 10.5 Conjurations
 + Level 11.8 Hexes
 + Level 10.5 Summonings
 + Level 10.5 Necromancy
 + Level 10.5 Translocations
 + Level 10.5 Fire Magic
 + Level 10.5 Ice Magic
 + Level 10.5 Air Magic
 + Level 10.5 Earth Magic
 + Level 10.5 Alchemy
 + Level 13.5 Invocations
 + Level 12.4 Evocations
 + Level 11.4 Shapeshifting


You had 6 spell levels left.
You knew the following spells:

 Your Spells              Type           Power      Damage    Failure   Level
a - Ensorcelled Hibernat  Hex/Ice        98%        N/A       1%          2
b - Confusing Touch       Hex            51%        N/A       1%          3
c - Tukima's Dance        Hex            51%        N/A       1%          3
d - Dazzling Flash        Conj/Hex       98%        N/A       1%          3
e - Manifold Assault      Tloc           47%        N/A       3%          4
f - Death Channel         Necr           23%        N/A       43%         6
g - Animate Dead          Necr           47%        N/A       3%          4
h - Petrify               Alch/Erth      47%        N/A       3%          4
i - Enfeeble              Hex            25%        N/A       83%         7

Your spell library contained the following spells:

 Spells                   Type           Power      Damage    Failure   Level
 Foxfire                  Conj/Fire      100%       2x1d9     1%          1
 Freeze                   Ice            100%       1d10      1%          1
 Magic Dart               Conj           100%       1d8       1%          1
 Sandblast                Erth           94%        2d19      1%          1
 Shock                    Conj/Air       100%       1d9       1%          1
 Slow                     Hex            100%       N/A       1%          1
 Sting                    Conj/Alch      100%       1d9       1%          1
 Blink                    Tloc           94%        N/A       1%          2
 Call Imp                 Summ           94%        N/A       1%          2
 Cigotuvi's Dreadful Rot  Necr/Alch/Air  94%        N/A       1%          2
 Jinxbite                 Hex            100%       N/A       1%          2
 Mercury Vapours          Alch/Air       94%        N/A       1%          2
 Sublimation of Blood     Necr           47%        N/A       1%          2
 Frozen Ramparts          Ice            94%        1d15      1%          3
 Fugue of the Fallen      Necr           47%        N/A       1%          3
 Gell's Gravitas          Tloc           47%        N/A       1%          3
 Hailstorm                Conj/Ice       47%        3d10      1%          3
 Ozocubu's Armour         Ice            47%        N/A       1%          3
 Sigil of Binding         Hex            51%        N/A       1%          3
 Swiftness                Air            47%        N/A       1%          3
 Teleport Other           Tloc           47%        N/A       1%          3
 Vampiric Draining        Necr           47%        2d9       1%          3
 Cause Fear               Hex            25%        N/A       1%          4
 Anguish                  Hex/Necr       24%        N/A       2%          4
 Airstrike                Air            23%        2d(4-20)  3%          4
 Animate Armour           Summ/Erth      94%        N/A       3%          4
 Dispel Undead            Necr           47%        3d18      3%          4
 Ignite Poison            Fire/Alch      47%        N/A       3%          4
 Martyr's Knell           Necr/Summ      47%        N/A       3%          4
 Olgreb's Toxic Radiance  Alch           47%        N/A       3%          4
 Sticky Flame             Fire/Alch      47%        2d9       3%          4
 Summon Lightning Spire   Summ/Air       47%        N/A       3%          4
 Yara's Violent Unravell  Hex/Alch       24%        3d11      6%          5
 Borgnjor's Vile Clutch   Necr/Erth      23%        N/A       9%          5
 Irradiate                Conj/Alch      23%        3d19      9%          5
 Lee's Rapid Deconstruct  Erth           23%        3d13*     9%          5
 Dispersal                Tloc           23%        N/A       43%         6
 Ignition                 Fire           23%        3d8       100%        8
 Shatter                  Erth           23%        3d20*     100%        9


Dungeon Overview and Level Annotations

Branches:
Dungeon (15/15)            Temple (1/1) D:6            Lair (5/5) D:8
 Shoals (4/4) Lair:3        Snake (0/4) Lair:3        Slime (0/5) Lair:4
    Orc (2/2) D:9             Elf (0/3) Orc:2        Vaults (0/5) D:13
 Depths: D:15

Altars:
Ashenzari
Cheibriados
Dithmenos
Elyvilon
Fedhas
Gozag
Hepliaklqana
Kikubaaqudgha
Makhleb
Nemelex Xobeh
Okawaru
Qazlal
Ru
Sif Muna
Trog
Uskayaw
Vehumet
Wu Jian
Xom
Yredelemnul
Zin
The Shining One
Jiyva

Shops:
D:4 (   D:8 (   D:9 ([   Orc:1 :   Orc:2 ([

Annotations:
D:3 2 transporters, dakkaduck's ghost, amateur MiBe
D:8 2 transporters
D:10 1 runed translucent door, dakkaduck's ghost, novice MiBe
D:15 2 transporters, exclusion: 2 fire dragons, Purphixowk's ghost, journeyman DsGl
Temple 2 transporters
Lair:3 exclusion: oklob plant


Innate Abilities, Weirdness & Mutations

You have very sharp teeth.
Your uncanny sense of smell can sniff out nearby items.
Your experience applies equally to all skills.


Message History

* * * LOW HITPOINT WARNING * * *
Casting: Petrify (mildly dangerous; 3% risk of failure)
Confirm with . or Enter, or press ? or * to list all spells.
Aiming: Ensorcelled Hibernation (safe; 1% risk of failure)
Press: ? - help, Shift-Dir - straight line, f - merfolk, p - merfolk javelineer
Aim: a merfolk, wielding a +0 trident (water, chance to affect: 53%)
The merfolk looks drowsy...
You enter the shallow water.
Moving in this stuff is going to be slow.
The merfolk shouts!
The merfolk hits you with a +0 trident!
* * * LOW HITPOINT WARNING * * *
Unknown command.
Casting: Ensorcelled Hibernation (safe; 1% risk of failure)
Confirm with . or Enter, or press ? or * to list all spells.
Casting: Dazzling Flash (safe; 1% risk of failure)
Press: ? - help, Dir - look around, f - activate Look: a merfolk, wielding a +0 trident (water, chance to dazzle: 54%)
The merfolk is dazzled.
The merfolk completely misses you.
You catch the helpless merfolk completely off-guard!
You spit the merfolk like a pig!!!
The merfolk is almost dead.
Aiming: Iceblast
Press: ? - help, Shift-Dir - straight line, f/p - merfolk
Aim: a merfolk, wielding a +0 trident (almost dead, wandering, blind, unable to see you, hasn't noticed you)
The mass of ice explodes!
The iceblast engulfs the merfolk!
You kill the merfolk!
You hear a splash.
Aiming: Iceblast
Press: ? - help, Shift-Dir - straight line Out of range.
Okay, then.
The merfolk javelineer is no longer petrified.
The merfolk javelineer throws a silver javelin.
The silver javelin pierces through you!
* * * LOW HITPOINT WARNING * * *
x2 The merfolk javelineer throws a silver javelin.
The silver javelin pierces through you!
* * * LOW HITPOINT WARNING * * *
You die...

~~~~~~~..####...~~~~~~~~~~~~~~~..
~~~~~~~~..##...~~~~~~~~~~~~~~~~~.
~~~~~~~......~~~~~~~~~P~~~P~~~~~~
~~~~..~~~~..~~~~~~~≈≈≈~~~~~~~~~~~
~~~~..~~..~~~~~~~~~≈≈≈≈≈≈≈~~~~~~~
~~~~~.~~~(~~~~~)~~~~~≈≈≈≈≈~~~~~~~
~~~~~~~~~~~~~≈≈≈≈≈~~~≈≈≈≈≈≈≈~~~~~
.~~~~~~~~~~~≈~~~~~≈≈~≈≈≈~...~~~~.
.~~~~≈≈≈≈≈~~~~).@≈≈~~~~~....~....
~~~≈≈≈≈≈≈~~~~..###...~~..###.....
~~~≈≈≈≈≈≈≈~~~~.####...~..# #.....
~~≈≈≈≈≈≈≈≈≈≈~~.##)..###.## #.....
≈≈≈≈≈≈≈≈≈≈≈≈~~.)..### ### ####..
≈≈≈≈≈≈≈≈≈≈≈≈~~~..)..### ######..
≈≈≈≈≈≈≈≈≈m≈≈≈~~~~.....# #.....~~
≈≈≈≈≈≈≈≈≈≈≈≈≈≈~~~~....# #..~~~~~
≈≈≈≈≈≈≈≈≈≈~~~~.#####.~~~~~~


You could see a merfolk javelineer.

Vanquished Creatures
  Polyphemus (Shoals:3)
  Gastronok (Lair:1)
  Kirke (D:14)
  Agnes (D:15)
  Donald (Shoals:1)
  Ilsuiw (Shoals:3)
  An orc warlord (Orc:2)
  An ettin (Orc:2)
  3 merfolk javelineers
  A yaktaur captain (D:13)
  3 merfolk impalers
  5 hydras
  2 catoblepae
  5 merfolk avatars
  7 centaur warriors
  6 satyrs
  4 boulder beetles
  2 merfolk aquamancers
  9 two-headed ogres
  3 alligator snapping turtles
  A tengu warrior (D:13)
  9 death yaks
  5 orc high priests
  Nergalle (Lair:1)
  Sonja (Lair:1)
  13 spriggans (Lair:5)
  12 sea snakes
  2 skysharks
  8 skeletal warriors
  An arcanist (D:9)
  6 orc knights (Orc:2)
  A wolf spider (D:15)
  A deep elf pyromancer (D:14)
  An orc sorcerer (Orc:2)
  A salamander (Lair:3)
  3 cyclopes
  27 fauns
  21 manticores
  21 elephants
  2 ugly things
  3 black mambas
  2 kobold blastminers (Orc:1)
  9 merfolk sirens
  Joseph (Lair:1)
  3 water nymphs
  4 gargoyles
  4 torpor snails
  14 cane toads
  A cane toad (shapeshifter) (D:14)
  4 komodo dragons
  Maggie (D:6)
  2 yaktaurs (D:13)
  3 rime drakes
  An efreet (D:15)
  2 kobold demonologists (D:9)
  2 tengu conjurers (D:15)
  36 merfolk
  8 trolls
  A queen bee (Lair:1)
  10 hornets
  6 polar bears
  6 wind drakes
  18 blink frogs
  7 dream sheep
  11 snapping turtles
  20 slime creatures
  2 shadows (D:9)
  Sigmund (D:4)
  3 vampires
  3 wraiths
  4 hogs (D:14)
  6 wyverns
  7 water elementals
  3 humans
  3 basilisks
  64 yaks
  A golden eye (shapeshifter) (D:14)
  A steam dragon (D:8)
  5 wargs
  5 vampire mosquitoes
  Duvessa (D:4)
  20 water moccasins
  40 orc warriors
  4 black bears
  2 ice beasts (D:7)
  3 sky beasts
  33 wolves
  8 ogres
  4 boggarts (Lair:5)
  21 centaurs
  A phantom (D:7)
  A kobold brigand (D:9)
  11 bullfrogs
  7 scorpions
  10 wights
  Dowan (D:4)
  34 killer bees
  2 electric eels
  8 howler monkeys
  2 bombardier beetles (D:7)
  A crimson imp (D:9)
  3 jellies
  4 hounds
  23 orc priests
  2 gnoll boudas (D:7)
  A sleepcap (D:7)
  Jessica (D:2)
  6 iguanas
  24 orc wizards
  Robin (D:3)
  14 gnolls
  A river rat (Lair:3)
  3 adders
  4 white imps
  4 ufetubi
  3 ribbon worms
  2 dart slugs
  96 orcs
  7 endoplasms
  3 giant cockroaches
  14 goblins
  15 hobgoblins
  8 kobolds
  5 quokkas
  13 ball pythons
  4 bats
  7 frilled lizards
  7 rats
971 creatures vanquished.

Vanquished Creatures (collateral kills)
  A centaur warrior (Shoals:2)
  An oklob plant (Lair:5)
  3 orc sorcerers
  A black mamba (Lair:5)
  A spriggan (Lair:5)
  3 orc warriors
  An ogre (Orc:2)
  2 wights (D:6)
  5 orc priests
  An orc wizard (Orc:1)
  A gnoll (D:7)
  7 orcs
27 creatures vanquished.

Vanquished Creatures (others)
  An orc sorcerer (Orc:2)
  A merfolk siren (Shoals:4)
  7 dancing weapons
  A merfolk zombie (Shoals:3)
  A two-headed ogre zombie (Orc:2)
  A manticore zombie (Shoals:3)
  A spriggan zombie (Lair:5)
  5 yak zombies (Lair:5)
  An ogre zombie (Orc:2)
  An orc (Orc:1)
  19 orc zombies
39 creatures vanquished.

Grand Total: 1037 creatures vanquished

Notes
Turn   | Place    | Note
-------+----------+-------------------------------------------
     0 | D:1      | Ashen the Gnoll Enchanter began the quest for the Orb.
     0 | D:1      | Reached XP level 1. HP: 13/13 MP: 6/6
    67 | D:1      | You fall into a shaft and drop 1 floor!
    96 | D:2      | Reached XP level 2. HP: 14/19 MP: 7/7
   106 | D:2      | Learned a level 2 spell: Ensorcelled Hibernation
   563 | D:1      | Reached skill level 5 in Spellcasting
   563 | D:1      | Reached XP level 3. HP: 17/25 MP: 2/9
   985 | D:1      | Reached skill level 1 in Invocations
  1418 | D:2      | Noticed Jessica
  1427 | D:2      | Killed Jessica
  1428 | D:2      | Reached skill level 1 in Fighting
  1428 | D:2      | Reached skill level 1 in Long Blades
  1428 | D:2      | Reached skill level 1 in Axes
  1428 | D:2      | Reached skill level 1 in Maces & Flails
  1428 | D:2      | Reached skill level 1 in Polearms
  1428 | D:2      | Reached skill level 1 in Staves
  1428 | D:2      | Reached skill level 1 in Ranged Weapons
  1428 | D:2      | Reached skill level 1 in Throwing
  1428 | D:2      | Reached skill level 1 in Armour
  1428 | D:2      | Reached skill level 1 in Shields
  1428 | D:2      | Reached skill level 1 in Unarmed Combat
  1428 | D:2      | Reached skill level 1 in Evocations
  1428 | D:2      | Reached skill level 1 in Shapeshifting
  1428 | D:2      | Reached XP level 4. HP: 32/32 MP: 8/11
  1788 | D:2      | Reached skill level 1 in Conjurations
  1788 | D:2      | Reached skill level 1 in Summonings
  1788 | D:2      | Reached skill level 1 in Necromancy
  1788 | D:2      | Reached skill level 1 in Translocations
  1788 | D:2      | Reached skill level 1 in Fire Magic
  1788 | D:2      | Reached skill level 1 in Ice Magic
  1788 | D:2      | Reached skill level 1 in Air Magic
  1788 | D:2      | Reached skill level 1 in Earth Magic
  1788 | D:2      | Reached skill level 1 in Alchemy
  2290 | D:3      | Noticed Robin
  2317 | D:3      | Learned a level 3 spell: Confusing Touch
  2321 | D:3      | Learned a level 3 spell: Tukima's Dance
  2325 | D:3      | Learned a level 3 spell: Dazzling Flash
  2398 | D:3      | Found a transporter.
  2936 | D:3      | Noticed a toenail golem
  3020 | D:3      | Found a transporter.
  3121 | D:2      | Reached XP level 5. HP: 22/37 MP: 7/12
  3224 | D:3      | Noticed a small abomination
  3271 | D:3      | Noticed dakkaduck's ghost (amateur MiBe)
  3837 | D:3      | Killed Robin
  4081 | D:4      | Noticed Sigmund
  4104 | D:4      | Found Risig's Antique Weapon Boutique.
  4129 | D:4      | Noticed Dowan
  4604 | D:4      | Reached skill level 5 in Dodging
  4604 | D:4      | Reached XP level 6. HP: 41/44 MP: 11/14
  4681 | D:4      | Found a sacrificial altar of Ru.
  5147 | D:4      | Noticed Duvessa
  5192 | D:4      | Killed Duvessa
  5314 | D:4      | Killed Sigmund
  5315 | D:4      | Reached XP level 7. HP: 51/51 MP: 15/15
  5343 | D:5      | Entered Level 5 of the Dungeon
  5563 | D:5      | Found a sparkling altar of Nemelex Xobeh.
  5834 | D:5      | Found an opulent altar of Gozag.
  5862 | D:5      | Reached XP level 8. HP: 49/58 MP: 13/16
  7135 | D:6      | Found a staircase to the Ecumenical Temple.
  7150 | Temple   | Found a transporter.
  7150 | Temple   | Found a transporter.
  7150 | Temple   | Found a transporter.
  7150 | Temple   | Found a transporter.
  7150 | Temple   | Entered the Ecumenical Temple
  7403 | D:6      | Reached XP level 9. HP: 65/65 MP: 15/18
  7447 | D:6      | Noticed Maggie
  7595 | D:6      | Killed Maggie
  7596 | D:6      | Reached skill level 5 in Short Blades
  8127 | D:7      | Noticed a purple ugly thing
  8144 | D:7      | Reached skill level 5 in Invocations
  8157 | D:7      | Killed a purple ugly thing
  8670 | D:7      | Reached skill level 5 in Fighting
  8670 | D:7      | Reached skill level 5 in Long Blades
  8670 | D:7      | Reached skill level 5 in Axes
  8670 | D:7      | Reached skill level 5 in Maces & Flails
  8670 | D:7      | Reached skill level 5 in Polearms
  8670 | D:7      | Reached skill level 5 in Staves
  8670 | D:7      | Reached skill level 5 in Ranged Weapons
  8670 | D:7      | Reached skill level 5 in Throwing
  8670 | D:7      | Reached skill level 5 in Armour
  8670 | D:7      | Reached skill level 5 in Shields
  8670 | D:7      | Reached skill level 5 in Unarmed Combat
  8670 | D:7      | Reached skill level 5 in Evocations
  8670 | D:7      | Reached XP level 10. HP: 69/74 MP: 16/20
  8866 | D:7      | Noticed a centaur warrior
  8878 | D:7      | Killed a centaur warrior
  9174 | D:7      | Noticed a gargoyle
  9196 | D:7      | Killed a gargoyle
  9197 | D:7      | Reached skill level 5 in Shapeshifting
  9977 | D:7      | Found a shimmering altar of Xom.
 10076 | D:7      | Found a snail-covered altar of Cheibriados.
 10077 | D:7      | Found an ancient bone altar of Kikubaaqudgha.
 10546 | D:8      | Found a transporter.
 10546 | D:8      | Found Roarph's Weapon Shoppe.
 10850 | D:8      | Reached skill level 5 in Conjurations
 10850 | D:8      | Reached skill level 5 in Summonings
 10850 | D:8      | Reached skill level 5 in Necromancy
 10850 | D:8      | Reached skill level 5 in Translocations
 10850 | D:8      | Reached skill level 5 in Fire Magic
 10850 | D:8      | Reached skill level 5 in Ice Magic
 10850 | D:8      | Reached skill level 5 in Air Magic
 10850 | D:8      | Reached skill level 5 in Earth Magic
 10850 | D:8      | Reached skill level 5 in Alchemy
 11008 | D:8      | Found a staircase to the Lair.
 11023 | D:8      | Learned a level 4 spell: Manifold Assault
 11026 | D:8      | Reached XP level 11. HP: 81/81 MP: 19/22
 11131 | D:8      | Found a transporter.
 11429 | D:9      | Found a basalt altar of Yredelemnul.
 11498 | D:9      | Noticed an arcanist
 11528 | D:9      | Killed an arcanist
 11685 | D:9      | Found Urimuaf's Armour Boutique.
 11687 | D:9      | Found a staircase to the Orcish Mines.
 11695 | D:9      | Noticed a two-headed ogre
 11753 | D:9      | Noticed a two-headed ogre
 11788 | D:9      | Killed a two-headed ogre
 12068 | D:9      | Found Sidde's Weapon Boutique.
 12072 | D:9      | Killed a two-headed ogre
 12240 | D:9      | Bought a +1 helmet of see invisible for 198 gold pieces
 12335 | D:9      | Found Basaisal's Magic Scroll Boutique.
 12344 | D:9      | Bought a scroll of identify for 22 gold pieces
 12344 | D:9      | Bought a scroll of enchant weapon for 82 gold pieces
 12344 | D:9      | Bought 3 scrolls of brand weapon for 313 gold pieces
 12344 | D:9      | Bought a scroll of enchant weapon for 82 gold pieces
 12656 | D:9      | Noticed a four-headed hydra
 12901 | D:9      | Killed a four-headed hydra
 13128 | D:10     | Entered Level 10 of the Dungeon
 13141 | D:10     | Found an iron altar of Okawaru.
 13170 | D:10     | Noticed a two-headed ogre
 13178 | D:10     | Killed a two-headed ogre
 13340 | D:10     | Found a runed translucent door.
 13390 | D:10     | Noticed dakkaduck's ghost (novice MiBe)
 14347 | D:11     | Found a blossoming altar of Fedhas.
 14409 | D:11     | Identified the +0 helmet "Teicagug" {rC++ Str+4}
 14638 | D:11     | Noticed a boulder beetle
 14653 | D:11     | Killed a boulder beetle
 14654 | D:11     | Reached XP level 12. HP: 77/91 MP: 21/24
 15340 | D:12     | Identified a scroll of acquirement
 15341 | D:12     | Acquired 603 gold pieces
 15512 | D:9      | Bought a scroll of enchant armour for 82 gold pieces
 15512 | D:9      | Bought a scroll of revelation for 82 gold pieces
 15512 | D:9      | Bought a scroll of immolation for 44 gold pieces
 15512 | D:9      | Bought a scroll of amnesia for 44 gold pieces
 15782 | D:4      | Killed Dowan
 15908 | D:7      | Found a hide-covered altar of Uskayaw.
 15916 | D:7      | Became a worshipper of Uskayaw the Reveller
 15974 | Lair:1   | Entered Level 1 of the Lair of Beasts
 16018 | Lair:1   | Reached * piety under Uskayaw
 16024 | Lair:1   | Reached ** piety under Uskayaw
 16029 | Lair:1   | Reached *** piety under Uskayaw
 16031 | Lair:1   | Reached **** piety under Uskayaw
 16032 | Lair:1   | Reached ***** piety under Uskayaw
 16043 | Lair:1   | Reached ****** piety under Uskayaw
 16323 | Lair:1   | Noticed Joseph
 16333 | Lair:1   | Killed Joseph
 16768 | Lair:1   | HP: 3/92 [elephant (11)]
 16773 | Lair:1   | Reached skill level 10 in Stealth
 16787 | Lair:1   | Noticed Sonja
 17154 | Lair:1   | Killed Sonja
 17426 | Lair:1   | Reached XP level 13. HP: 89/98 MP: 19/26
 17459 | Lair:1   | Noticed Gastronok
 17889 | Lair:1   | Noticed Nergalle
 18050 | Lair:1   | Found a snail-covered altar of Cheibriados.
 18193 | Lair:1   | Killed Nergalle
 18962 | Lair:2   | Reached skill level 10 in Spellcasting
 20258 | Lair:3   | Reached skill level 10 in Dodging
 20434 | Lair:3   | Found a staircase to the Shoals.
 21566 | Lair:3   | Found a staircase to the Snake Pit.
 21728 | Lair:3   | Reached XP level 14. HP: 100/108 MP: 21/28
 21762 | Lair:4   | Reached skill level 10 in Invocations
 21784 | Lair:4   | Learned a level 6 spell: Death Channel
 22333 | Lair:4   | Found a staircase to the Slime Pits.
 22334 | Lair:4   | Found a viscous altar of Jiyva.
 23775 | Lair:5   | Entered Level 5 of the Lair of Beasts
 24234 | Lair:5   | Reached skill level 10 in Short Blades
 24815 | Lair:5   | Reached skill level 10 in Hexes
 25340 | Lair:5   | Reached skill level 10 in Fighting
 25340 | Lair:5   | Reached skill level 10 in Long Blades
 25340 | Lair:5   | Reached skill level 10 in Axes
 25340 | Lair:5   | Reached skill level 10 in Maces & Flails
 25340 | Lair:5   | Reached skill level 10 in Polearms
 25340 | Lair:5   | Reached skill level 10 in Staves
 25340 | Lair:5   | Reached skill level 10 in Ranged Weapons
 25340 | Lair:5   | Reached skill level 10 in Throwing
 25340 | Lair:5   | Reached skill level 10 in Armour
 25340 | Lair:5   | Reached skill level 10 in Shields
 25340 | Lair:5   | Reached skill level 10 in Unarmed Combat
 25340 | Lair:5   | Reached skill level 10 in Evocations
 25424 | Lair:5   | Learned a level 4 spell: Animate Dead
 25478 | Lair:5   | Learned a level 4 spell: Petrify
 25829 | Lair:5   | Reached XP level 15. HP: 115/115 MP: 10/30
 26451 | Lair:5   | Got the Information on Burnt Terrain
 26960 | Orc:1    | Entered Level 1 of the Orcish Mines
 27395 | Orc:2    | Entered Level 2 of the Orcish Mines
 27971 | Orc:2    | Found Xeimiaj's Distillery.
 27979 | Orc:2    | Bought a potion of resistance for 130 gold pieces
 27979 | Orc:2    | Bought a potion of attraction for 39 gold pieces
 27979 | Orc:2    | Bought a potion of heal wounds for 65 gold pieces
 27979 | Orc:2    | Bought a potion of curing for 39 gold pieces
 27979 | Orc:2    | Bought a potion of ambrosia for 104 gold pieces
 27979 | Orc:2    | Bought a potion of invisibility for 104 gold pieces
 27979 | Orc:2    | Bought a potion of might for 52 gold pieces
 27979 | Orc:2    | Bought a potion of curing for 39 gold pieces
 27979 | Orc:2    | Bought 2 potions of heal wounds for 130 gold pieces
 27979 | Orc:2    | Bought a potion of brilliance for 52 gold pieces
 27979 | Orc:2    | Bought a potion of haste for 130 gold pieces
 27985 | Orc:2    | Found Daag's Antique Armour Shoppe.
 29277 | Orc:2    | Learned a level 7 spell: Enfeeble
 29333 | Orc:2    | Found a staircase to the Elven Halls.
 29491 | Orc:2    | Noticed an orc warlord
 29613 | Orc:1    | Found Baemex Wocua's Book Emporium.
 30449 | Orc:2    | Found Juchi's Magic Scroll Shoppe.
 30510 | Orc:2    | Found Feoco's Weapon Shop.
 30603 | Orc:2    | Bought a scroll of teleportation for 33 gold pieces
 30603 | Orc:2    | Bought a scroll of vulnerability for 44 gold pieces
 30603 | Orc:2    | Bought a scroll of summoning for 104 gold pieces
 30603 | Orc:2    | Bought a scroll of identify for 22 gold pieces
 30603 | Orc:2    | Bought a scroll of torment for 104 gold pieces
 30603 | Orc:2    | Bought a scroll of poison for 44 gold pieces
 30603 | Orc:2    | Bought a scroll of identify for 22 gold pieces
 30603 | Orc:2    | Bought a scroll of blinking for 82 gold pieces
 31576 | Orc:2    | Found Daag's Antique Armour Shoppe.
 31826 | Orc:2    | Found a staircase to the Elven Halls.
 31962 | Orc:2    | Killed an orc warlord
 32133 | Orc:2    | Found Feoco's Weapon Shop.
 33741 | D:13     | Reached skill level 10 in Shapeshifting
 33986 | D:14     | Noticed Kirke
 34003 | D:14     | Killed Kirke
 34004 | D:14     | Reached XP level 16. HP: 117/124 MP: 19/32
 34343 | D:14     | Acquired the +1 pair of boots "Soasin" {rN+ Will++ MP+9}
 34575 | D:14     | Identified the +1 scimitar of Rotation {freeze, Fly rPois
                  | Int-2}
 35160 | D:15     | Entered Level 15 of the Dungeon
 35192 | D:15     | Found a transporter.
 35196 | D:15     | Found a transporter.
 35197 | D:15     | Noticed Purphixowk's ghost (journeyman DsGl)
 35212 | D:15     | Noticed Agnes
 35222 | D:15     | Killed Agnes
 36582 | D:13     | Found a gate to the Vaults.
 37142 | Lair:1   | Killed Gastronok
 37295 | Shoals:1 | Entered Level 1 of the Shoals
 37417 | Shoals:1 | Noticed Donald
 37435 | Shoals:1 | Killed Donald
 37489 | Shoals:1 | Noticed a kraken
 37611 | Shoals:1 | Identified the +0 robe of the Sky {rElec Dex+3}
 38984 | Shoals:2 | Reached XP level 17. HP: 133/133 MP: 33/33
 39384 | Shoals:3 | Noticed Polyphemus
 39399 | Shoals:3 | Reached skill level 10 in Conjurations
 39399 | Shoals:3 | Reached skill level 10 in Summonings
 39399 | Shoals:3 | Reached skill level 10 in Necromancy
 39399 | Shoals:3 | Reached skill level 10 in Translocations
 39399 | Shoals:3 | Reached skill level 10 in Fire Magic
 39399 | Shoals:3 | Reached skill level 10 in Ice Magic
 39399 | Shoals:3 | Reached skill level 10 in Air Magic
 39399 | Shoals:3 | Reached skill level 10 in Earth Magic
 39399 | Shoals:3 | Reached skill level 10 in Alchemy
 39529 | Shoals:3 | Noticed Ilsuiw
 40211 | Shoals:3 | Killed Ilsuiw
 40711 | Shoals:3 | Killed Polyphemus
 40983 | Shoals:4 | Entered Level 4 of the Shoals
 42544 | Shoals:4 | Got a barnacled rune of Zot
 42923 | Shoals:4 | HP: 2/135 [merfolk javelineer/silver javelin (12)]
 42923 | Shoals:4 | Hit by a silver javelin thrown by a merfolk javelineer

Illustrated notes

Levels and vault maps discovered:
D:1:      scummos_arrival_gate, layout_loops_cross, minmay_gold_behind_fungi,
          hangedman_decor_clover_reticule
D:2:      layout_basic, eino_curves_04, uniq_jessica
D:3:      layout_basic, gammafunk_ghost_abyssal_escape, chequers_mini_garden,
          uniq_robin
D:4:      layout_basic, hangedman_ru_absence, serial_shops, shop, uniq_duvessa,
          uniq_sigmund
D:5:      layout_loops_ring, nicolae_gozag_cash_rules_everything_around_me,
          nemelex_diamond_rough_becter
D:6:      layout_basic, minmay_temple_entry_crystal_x, uniq_maggie
D:7:      nzn_winding_woodlands_cross [nzn_winding_woodlands_5x15_crooked,
          nzn_winding_woodlands_5x15_river_crossing,
          nzn_winding_woodlands_5x15_concentric,
          nzn_winding_woodlands_5x15_lazy_stream,
          nzn_winding_woodlands_15x15_five_gardens], layout_cave_pools,
          nicolae_overflow_hidden_temple,
          serial_library_hellmonk_double_dead_end, kennysheep_generic_room_8
D:8:      layout_cave_pods, david_lair_shrubbed, serial_shops,
          nicolae_shop_drivethru
D:9:      layout_basic, lemuel_round_altar, orc_david_3, serial_shops, shop,
          nicolae_eternal_life, chequers_decorated_corner, lightli_wizard_tower
D:10:     layout_stronghold, okawaru_humans, ebering_ghost_reflecting_pool,
          evilmike_butchery
D:11:     layout_loops_ring, dreamdust_princess_corridor, fedhas_altar_3
D:12:     layout_roguey
D:13:     layout_small_grid, david_vaults_2
D:14:     layout_stronghold, serial_park_square1 [serial_park_minivault_5x5_7],
          grunt_livestock, uniq_kirke
D:15:     grunt_enter_depths_hoard, layout_gridville,
          nicolae_concentric_dashed_squares_wild, serial_glass, glass_columns_a,
          glass_columns_c, due_unseen_surprise, gammafunk_ghost_hive,
          dreamdust_wasp_nest, uniq_agnes
Temple:   hellmonk_temple_divided_pantheon
Lair:1:   layout_long_grid, special_room [special_room_bee],
          kennysheep_snail_temple, uniq_gastronok, uniq_sonja, uniq_joseph,
          uniq_nergalle
Lair:2:   layout_small_grid
Lair:3:   layout_regular_city, minmay_shoals_entry_centaurs,
          nicolae_snake_entry_warm_welcome, st_stairs_11, pond
Lair:4:   layout_regular_city, slime_entry_1, serial_bayou_shore_b,
          serial_bayou_shore_b
Lair:5:   minmay_lair_end_enchanted_forest, layout_small_grid,
          chequers_serial_rivers_micro_e
Shoals:1: layout_shoals, nicolae_shoals_shepherds, uniq_donald
Shoals:2: layout_shoals
Shoals:3: layout_shoals, nicolae_shoals_wave_tunnel, uniq_ilsuiw,
          uniq_polyphemus
Shoals:4: shoals_end_grunt_garden, layout_shoals
Orc:1:    layout_caves, serial_shops, shop, nicolae_orc_crystal_seam
Orc:2:    pubby_orc_utopia

Skill      XL: |  1  2  3  4  5  6  7  8  9 10 11 12 13 14 15 16 17 |
---------------+----------------------------------------------------+-----
Spellcasting   | 5 6 7 8 9 10 11 12 13 | 13.3
Stealth        | 6 7 8 9 10 11 12 13 | 13.7
Invocations    | 1 2 3 4 5 6 7 8 9 10 11 12 13 | 13.5
Fighting       | 1 2 3 5 6 7 8 9 10 11 12 | 12.4
Long Blades    | 1 2 3 5 6 7 8 9 10 11 12 | 12.4
Axes           | 1 2 3 5 6 7 8 9 10 11 12 | 12.4
Maces & Flails | 1 2 3 5 6 7 8 9 10 11 12 | 12.4
Polearms       | 1 2 3 5 6 7 8 9 10 11 12 | 12.4
Staves         | 1 2 3 5 6 7 8 9 10 11 12 | 12.4
Ranged Weapons | 1 2 3 5 6 7 8 9 10 11 12 | 12.4
Throwing       | 1 2 3 5 6 7 8 9 10 11 12 | 12.4
Armour         | 1 2 3 5 6 7 8 9 10 11 12 | 12.4
Shields        | 1 2 3 5 6 7 8 9 10 11 12 | 12.4
Unarmed Combat | 1 2 3 5 6 7 8 9 10 11 12 | 12.4
Evocations     | 1 2 3 5 6 7 8 9 10 11 12 | 12.4
Shapeshifting  | 1 2 3 4 5 6 7 8 9 10 11 | 11.4
Conjurations   | 1 2 3 4 5 6 7 8 9 10 | 10.5
Summonings     | 1 2 3 4 5 6 7 8 9 10 | 10.5
Necromancy     | 1 2 3 4 5 6 7 8 9 10 | 10.5
Translocations | 1 2 3 4 5 6 7 8 9 10 | 10.5
Fire Magic     | 1 2 3 4 5 6 7 8 9 10 | 10.5
Ice Magic      | 1 2 3 4 5 6 7 8 9 10 | 10.5
Air Magic      | 1 2 3 4 5 6 7 8 9 10 | 10.5
Earth Magic    | 1 2 3 4 5 6 7 8 9 10 | 10.5
Alchemy        | 1 2 3 4 5 6 7 8 9 10 | 10.5
Short Blades   | 3 4 5 6 7 8 9 10 11 12 | 12.7
Dodging        | 5 6 7 8 9 10 11 12 13 | 13.2
Hexes          | 6 7 8 9 10 11 | 11.8

Action                     |  1- 3 |  4- 6 |  7- 9 | 10-12 | 13-15 | 16-18 || total
---------------------------+-------+-------+-------+-------+-------+-------++-------
  Melee: Dagger            |    80 |   103 |   233 |   608 |  1224 |   758 ||  3006
         Bite              |     9 |     5 |    22 |    80 |   167 |   137 ||   420
         Punch             |       |     1 |     4 |    30 |    79 |    34 ||   148
         Great sword       |       |       |       |       |     2 |       ||     2
         Rapier            |       |       |       |       |       |    54 ||    54
   Cast: Ensorcelled Hiber |    12 |    61 |    47 |   116 |   285 |   212 ||   733
         Dazzling Flash    |       |     2 |    10 |    53 |   143 |   130 ||   338
         Tukima's Dance    |       |       |    20 |    18 |    19 |     8 ||    65
         Confusing Touch   |       |       |    18 |    29 |    47 |    32 ||   126
         Manifold Assault  |       |       |       |     2 |    13 |     4 ||    19
         Animate Dead      |       |       |       |       |    11 |     1 ||    12
         Petrify           |       |       |       |       |     4 |     8 ||    12
         Death Channel     |       |       |       |       |    10 |       ||    10
  Evoke: Wand              |       |       |       |       |    12 |     6 ||    18
    Use: Potion            |       |       |     1 |     3 |       |     4 ||     8
         Scroll            |       |       |       |    20 |     2 |     9 ||    31
   Stab: Sleeping          |    20 |    56 |    34 |    81 |   183 |   108 ||   482
         Invisible         |       |     1 |     5 |    41 |   110 |    89 ||   246
         Confused          |       |       |    16 |    28 |    41 |    31 ||   116
         Distracted        |       |       |       |     1 |     3 |     2 ||     6
         Paralysed         |       |       |       |    16 |    42 |    18 ||    76
         Petrifying        |       |       |       |       |     2 |       ||     2
         Petrified         |       |       |       |       |       |     3 ||     3
 Armour: Robe              |    28 |    50 |   143 |   294 |   521 |    12 ||  1048
         Troll leather arm |       |       |       |       |       |   500 ||   500
  Dodge: Dodged            |    42 |    71 |   172 |   544 |  1046 |   625 ||  2500
  Block: Kite shield       |       |       |       |       |       |   402 ||   402
         Reflection        |       |       |       |       |       |    95 ||    95
